 Dungeon Crawl Stone Soup version 0.23-a0-666-g28d4f2f0af (webtiles) character file.

410 Acheron the Shield-Bearer (level 7, -4/78 HPs)
             Began as a Human Fighter on Jan 8, 2019.
             Slain by Menkaure (12 damage)
             ... on level 5 of the Dungeon.
             The game lasted 00:21:59 (3856 turns).

Acheron the Shield-Bearer (Human Fighter)           Turns: 3856, Time: 00:22:00

Health: -4/78      AC: 23    Str: 16    XL:     7   Next: 13%
Magic:  1/9        EV:  2    Int: 11    God:
Gold:   193        SH: 10    Dex: 17    Spells: 8/8 levels left

rFire    . . .     SeeInvis .   a - +0 war axe
rCold    . . .     Gourm    .   c - +1 shield
rNeg     + + +     Faith    .   (armour currently unavailable)
rPois    +         Spirit   .   (helmet currently unavailable)
rElec    .         Reflect  .   (cloak currently unavailable)
rCorr    .         Harm     .   (gloves currently unavailable)
MR       .....     NoTele   +   (boots currently unavailable)
Stlth    +++.......             (no amulet)
HPRegen  0.23/turn              (no ring)
MPRegen  0.11/turn              (no ring)

@: agile, tree-form, slowed, very slow
A: no striking features
a: no special abilities


You were on level 5 of the Dungeon.
You were not hungry.
You were a tree.
You visited 1 branch of the dungeon, and saw 5 of its levels.

You collected 193 gold pieces.

Inventory:

Hand Weapons
 a - a +0 war axe (weapon)
 f - a cursed -2 hunting sling
   (You found it on level 1 of the Dungeon)
 q - a +1 hunting sling of flaming
   (You found it on level 2 of the Dungeon)
 s - a +1 mace of crushing
   (You found it on level 3 of the Dungeon)
 u - a +0 antimagic dagger
   (You took it off a kobold on level 4 of the Dungeon)
Missiles
 d - 16 sling bullets
 o - 75 stones (quivered)
 p - 17 poisoned needles
Armour
 b - a +0 scale mail
 c - a +1 shield (worn)
 r - a scarf of spirit shield (melded)
   (You found it on level 2 of the Dungeon)
 t - a +2 leather armour of poison resistance (melded)
   (You found it on level 3 of the Dungeon)
Jewellery
 g - an uncursed amulet of faith {!P}
   (You found it on level 4 of the Dungeon)
 j - an uncursed ring of ice {unknown}
   (You found it on level 1 of the Dungeon)
Wands
 x - a wand of acid (10)
   (You found it on level 3 of the Dungeon)
Scrolls
 n - a scroll of magic mapping
Comestibles
 e - 4 rations {!d}


   Skills:
 * Level 3.6 Fighting
 + Level 1.1 Short Blades
 * Level 2.9 Axes
 + Level 1.0 Slings
 + Level 3.6 Armour
 * Level 2.4 Dodging
 * Level 2.8 Stealth
 * Level 3.7 Shields
 + Level 1.3 Spellcasting
 * Level 1.7 Evocations


You had 8 spell levels left.
You didn't know any spells.
Your spell library was empty.

Dungeon Overview and Level Annotations

Branches:
Dungeon (5/15)
 Temple: D:4-7

Altars:
Ashenzari
Sif Muna
Trog

Annotations:
D:2 exclusion: downstairs
D:4 exclusion: downstairs
D:5 Grinder, Menkaure


Message History

The bullfrog misses you. The orc barely misses you.
You slash the orc!
You kill the orc!
You miss the bullfrog. You block the bullfrog's attack.
The orc wizard mumbles some strange words.
The orc wizard seems to speed up.
The orc hits you from afar with a +0 trident.
* * * LOW HITPOINT WARNING * * *
The bullfrog hits you.
* * * LOW HITPOINT WARNING * * *
The bullfrog hits you.
* * * LOW HITPOINT WARNING * * *
The orc wizard gestures at you while chanting.
You resist with some effort.
You feel better.
Menkaure shouts!
The bullfrog closely misses you.
The orc wizard gestures at you while chanting.
The magic dart hits you!
* * * LOW HITPOINT WARNING * * *
The bullfrog completely misses you. The orc closely misses you.
The orc wizard gestures wildly while chanting.
The orc wizard blinks!
It was a potion of lignification.
You turn into a tree.
Your scarf of spirit shield melds into your body.
Your +2 leather armour of poison resistance melds into your body.
You feel strangely alone.
You no longer feel resistant to poison.
Your roots penetrate the ground.
The bullfrog completely misses you. You block the orc wizard's attack.
Menkaure grins.
The orc hits you but does no damage.
You hit Menkaure. You closely miss the bullfrog.
You closely miss the orc wizard. You block the bullfrog's attack.
You block the orc wizard's attack. The bullfrog hits you.
* * * LOW HITPOINT WARNING * * *
The orc wizard gestures at you while chanting.
You feel yourself slow down. You block Menkaure's attack.
You block the orc's attack.
The bullfrog hits you but does no damage.
The orc wizard casts a spell.
The orc wizard blinks!
You barely miss Menkaure. You barely miss the bullfrog.
The orc wizard casts a spell at you. The magic dart hits you!
The bullfrog hits you but does no damage.
You block the orc's attack. Menkaure hits you but does no damage.
You block the bullfrog's attack.
The adder skeleton bites you but does no damage.
The orc hits you but does no damage. Menkaure hits you!
You die...

o.M... ........##....# o...
###.....#......##
#.......#.....o.#
....#.....#$##..##..##
...........##.##..###..#
........ #..#.##.###..## .
#.o..... #.....#..#...#
.##....#.###...†##o.)...#
....$..#.......M♣F....###
..........$......Z###.....
................o..##......
..........................#
#..............%..#.#....#
####..##...).#....###......
## #..####.#.#....# ......
##.##...#####......#
.........# #........


You could see Menkaure, a bullfrog, an orc wizard, an orc and an adder skeleton.

Vanquished Creatures
  A crimson imp (D:4)
  A bullfrog zombie (D:4)
  An orc priest (D:4)
  2 hounds (D:4)
  An orc wizard (D:4)
  3 worker ants (D:5)
  A howler monkey skeleton (D:4)
  A gnoll (D:5)
  6 adders
  2 oozes
  3 leopard geckos
  7 orcs
  2 giant cockroaches
  5 goblins
  5 hobgoblins
  6 jackals
  5 kobolds
  2 quokkas
  3 ball pythons
  6 bats
  7 frilled lizards
  8 rats
78 creatures vanquished.

Notes
Turn   | Place    | Note
-------+----------+-------------------------------------------
     0 | D:1      | Acheron the Human Fighter began the quest for the Orb.
     0 | D:1      | Reached XP level 1. HP: 18/18 MP: 1/1
   109 | D:1      | Reached XP level 2. HP: 12/24 MP: 2/2
   572 | D:2      | Reached skill level 1 in Stealth
   572 | D:2      | Reached XP level 3. HP: 29/29 MP: 3/3
   591 | D:2      | Found a bloodstained altar of Trog.
   615 | D:2      | Reached skill level 1 in Dodging
   922 | D:2      | Reached XP level 4. HP: 35/35 MP: 5/5
  1045 | D:2      | Found a shattered altar of Ashenzari.
  1524 | D:3      | Reached skill level 1 in Spellcasting
  1746 | D:3      | Reached XP level 5. HP: 25/41 MP: 4/6
  2313 | D:4      | Reached skill level 1 in Evocations
  2341 | D:4      | Reached XP level 6. HP: 11/47 MP: 2/7
  2659 | D:5      | Entered Level 5 of the Dungeon
  2660 | D:5      | Noticed Menkaure
  3452 | D:4      | Reached skill level 1 in Short Blades
  3667 | D:4      | Found a deep blue altar of Sif Muna.
  3786 | D:5      | HP: 2/47 [worker ant (2)]
  3810 | D:5      | Reached skill level 1 in Slings
  3810 | D:5      | Reached XP level 7. HP: 6/52 MP: 0/9
  3839 | D:5      | Noticed Grinder
  3850 | D:5      | HP: 2/52 [bullfrog (4)]
  3856 | D:5      | Slain by Menkaure

Vault maps used:
D:1:      scummos_arrival_simple_crosswalls
D:2:      bloody_trog, ashenzari_conservatory_becter
D:4:      led_sif_pool, first_ration, serial_corexii_hall,
          chequers_hall_statues_wall_a, corexii_hall_statues_i,
          corexii_hall_statues_i
D:5:      nicolae_overflow_hidden_temple, temple_fountains, uniq_grinder,
          uniq_menkaure, uniq_eustachio

Skill      XL: |  1  2  3  4  5  6 |
---------------+-------------------+-----
Stealth        | 1 2 |  2.8
Dodging        | 1 2 |  2.4
Spellcasting   | 1 |  1.3
Evocations     | 1 |  1.7
Short Blades   | 1 |  1.1
Slings         | 1 |  1.0
Fighting       | |  3.6
Axes           | |  2.9
Armour         | |  3.6
Shields        | |  3.7

Action                   |  1- 3 |  4- 6 |  7- 9 || total
-------------------------+-------+-------+-------++-------
Melee: War axe           |    80 |   251 |    11 ||   342
  Use: Scroll            |     3 |     6 |       ||     9
       Potion            |     1 |     4 |     5 ||    10
  Eat: Chunk             |       |     8 |       ||     8
       Ration            |       |     1 |       ||     1
Armor: Scale mail        |    44 |   101 |       ||   145
       Leather armour    |       |    11 |     6 ||    17
       Skin              |       |       |     7 ||     7
Dodge: Dodged            |    28 |    87 |    13 ||   128
Block: Shield            |    53 |   191 |    20 ||   264

Table legend:
 A = Non-vault XP
 B = Vault XP
 C = Vault XP percentage of total XP
 D = Non-vault monster count
 E = Vault monster count
 F = Vault count percentage of total count
                 A         B        C        D         E       F
            +---------+---------+-------+---------+---------+-------
      Total |     587 |       0 |   0.0 |      78 |       0 |   0.0
            +---------+---------+-------+---------+---------+-------
        D:1 |      14 |       0 |   0.0 |      10 |       0 |   0.0
        D:2 |      95 |       0 |   0.0 |      24 |       0 |   0.0
        D:3 |      50 |       0 |   0.0 |      19 |       0 |   0.0
        D:4 |     306 |       0 |   0.0 |      17 |       0 |   0.0
        D:5 |     122 |       0 |   0.0 |       8 |       0 |   0.0
            +---------+---------+-------+---------+---------+-------
